 Dungeon Crawl Stone Soup version 0.30-a0-1074-g5db6f66fbb (webtiles) character file.

Game seed: 11873707801792855324

214 IdlyInterested the Trooper (level 5, 0/44 HPs)
             Began as a Demonspawn Gladiator on Apr 13, 2023.
             Slain by an orc wizard
             ... wielding a +0 dagger
              (1 damage)
             ... on level 3 of the Dungeon.
             The game lasted 00:08:51 (2578 turns).

IdlyInterested the Trooper (Demonspawn Gladiator)   Turns: 2578, Time: 00:08:51

Health: 0/44       AC:  7    Str: 19    XL:     5   Next: 60%
Magic:  5/6        EV:  7    Int: 14    God:
Gold:   124        SH:  0    Dex: 15    Spells: 4/4 levels left

rFire   . . .      SeeInvis .    o - +1 dagger (drain)
rCold   . . .      Faith    .    t - +0 tower shield
rNeg    . . .      Spirit   .    b - +2 ring mail {rPois}
rPois   +          Reflect  .    (helmet restricted)
rElec   .          Rampage  .    (no cloak)
rCorr   .                        (no gloves)
Will    .....                    (no boots) Stlth
                                 (no amulet)
HPRegen 0.27/turn                h - +6 ring of intelligence
MPRegen 0.20/turn                (no ring)

@: confused, invisible
A: hooves 2, magic regeneration, antennae 1, strong 1
a: no special abilities


You were on level 3 of the Dungeon.
You visited 1 branch of the dungeon, and saw 3 of its levels.

You collected 124 gold pieces.

Inventory:

Hand Weapons
 a - a +0 rapier
 o - a +1 dagger of draining (weapon)
Missiles
 d - 3 throwing nets
 e - a javelin
 f - 25 stones (quivered)
Armour
 b - a +2 ring mail of poison resistance (worn)
 j - a +0 helmet
 n - a +1 robe of fire resistance
 t - a +0 tower shield (worn)
Jewellery
 h - a +6 ring of intelligence (left hand)
Scrolls
 i - a scroll of immolation {unknown}
 r - a scroll of magic mapping
Potions
 c - a potion of magic {unknown}
 g - a potion of invisibility
 k - 2 potions of lignification {unknown}
 l - a potion of might {unknown}
 m - a potion of mutation
 q - a potion of attraction {unknown}
 s - a potion of curing {unknown}


   Skills:
 * Level 5.0 Fighting
 - Level 2.6 Short Blades
 - Level 1.7 Throwing
 - Level 1.0 Armour
 - Level 2.6 Dodging
 - Level 1.0 Stealth
 + Level 1.0 Shields
 * Level 1.5 Invocations
 - Level 1.0 Evocations


You had 4 spell levels left.
You didn't know any spells.
Your spell library contained the following spells:

 Spells                   Type           Power      Damage    Failure   Level
 Magic Dart               Conj           0%         1d3       100%        1
 Poisonous Vapours        Pois/Air       0%         N/A       100%        2
 Searing Ray              Conj           0%         2d4       100%        2
 Mephitic Cloud           Conj/Pois/Air  0%         N/A       100%        3
 Fulminant Prism          Conj/Hex       0%         3d5       100%        4
 Freezing Cloud           Conj/Ice/Air   0%         6-21      100%        5


Dungeon Overview and Level Annotations

Branches:
Dungeon (3/15)

Altars:

Shops:
D:1 ![*


Innate Abilities, Weirdness & Mutations

You have hoof-like feet.
You regenerate magic rapidly.
You have a pair of small antennae on your head.
Your muscles are strong. (Str +4, Int/Dex -1)


Message History

The orc priest is heavily wounded.
The orc wizard hits you with a +0 dagger.
You block the orc priest's attack.
The orc priest begins to cast a cantrip, but forgets the words!
You hit the orc priest.
The orc priest is severely wounded.
The orc wizard hits you but does no damage.
The orc priest invokes the aid of Beogh against you.
Beogh smites you!
You hit the orc priest. Your kick misses the orc priest.
The orc priest is severely wounded.
You block the orc wizard's attack.
The orc priest calls upon Beogh to heal the orc priest.
The orc priest is healed somewhat.
The orc priest hits you with a +0 flail.
You hit the orc priest. You drain the orc priest.
You kill the orc priest!
The orc wizard completely misses you. The orc closely misses you.
You block the orc wizard's attack. The orc closely misses you.
You block the orc priest's attack.
Training target 1.0 for Evocations reached!
Your Fighting skill increases to level 5!
Your Invocations skill increases to level 1!
Your Evocations skill increases to level 1!
You hit the orc priest but do no damage.
You drain the orc priest. You kick the orc priest.
The orc priest is moderately wounded.
The orc priest calls down the wrath of Beogh upon you.
Beogh smites you!
* * * LOW HITPOINT WARNING * * *
The orc wizard gestures at you while chanting.
You are confused.
The orc hits you with a +0 club.
* * * LOW HITPOINT WARNING * * *
It was a potion of invisibility.
You fade into invisibility!
The orc priest hits you with a +0 short sword.
* * * LOW HITPOINT WARNING * * *
The orc wizard hits you with a +0 dagger.
You die...

#........,,,,,,,,*
######...............,***
#....................,,,*
#....................,_,*
#....................,,,***
#....................,,,,,*
#............{o......,,,,,*
#...).##...oo#oo.....,,,,,*
####.>...#......@o#,,*****,******
................o##*,****,,,,,*,,
.......###.......###.,**,,,,,,,,,
.......#............#,*,,,,,,,,,,
......b...........#.#,*,,,,,,,,,,
.......#.#............,,,,,,,,,,,
.........#.......#.##..,,,,,,,,,,
####...b............#*#,,,,,,,,,,
#...####..........#*,,,,,,,,,,


You could see an orc priest (unable to see you, very drained), an orc wizard
(unable to see you) and 5 orcs.

Vanquished Creatures
  An orc priest (D:3)
  Jessica (D:2)
  Natasha (thrice) (D:2)
  Robin (D:2)
  3 adders
  A dart slug (D:2)
  A worm (D:3)
  An orc (D:3)
  A bat (D:1)
  2 endoplasms
  A giant cockroach (D:2)
  13 goblins
  7 hobgoblins
  2 quokkas
  A ball python (D:2)
  4 frilled lizards
  3 kobolds
  2 rats (D:2)
48 creatures vanquished.

Notes
Turn   | Place    | Note
-------+----------+-------------------------------------------
     0 | D:1      | IdlyInterested the Demonspawn Gladiator began the quest for
                  | the Orb.
     0 | D:1      | Reached XP level 1. HP: 16/16 MP: 1/1
   186 | D:1      | Found Nysehig's Antique Armour Shoppe.
   313 | D:1      | Found Adeudiown's General Store.
   453 | D:1      | Gained mutation: You have large cloven feet. [demonic
                  | ancestry]
   453 | D:1      | Reached XP level 2. HP: 23/23 MP: 2/2
   600 | D:1      | Found Bumina's Distillery.
   867 | D:2      | Noticed Jessica
   873 | D:2      | Killed Jessica
   874 | D:2      | Reached skill level 3 in Fighting
   874 | D:2      | Reached skill level 1 in Armour
   874 | D:2      | Gained mutation: You have hoof-like feet. [demonic
                  | ancestry]
   874 | D:2      | Reached XP level 3. HP: 23/29 MP: 3/3
  1003 | D:2      | Noticed Robin
  1022 | D:2      | Killed Robin
  1065 | D:2      | Noticed Natasha
  1073 | D:2      | Killed Natasha
  1074 | D:2      | Reached skill level 4 in Fighting
  1074 | D:2      | Reached skill level 1 in Shields
  1074 | D:2      | Reached XP level 4. HP: 26/37 MP: 4/4
  1246 | D:2      | Gained mutation: Your muscles are strong. (Str +4, Int/Dex
                  | -1) [potion of mutation]
  1246 | D:2      | Gained mutation: You have a pair of small antennae on your
                  | head. [potion of mutation]
  1412 | D:2      | Noticed Natasha
  1422 | D:2      | Killed Natasha
  1423 | D:2      | Reached skill level 1 in Stealth
  1434 | D:2      | Noticed Natasha
  1440 | D:2      | Killed Natasha
  1441 | D:2      | Gained mutation: You regenerate magic rapidly. [demonic
                  | ancestry]
  1441 | D:2      | Reached XP level 5. HP: 17/43 MP: 5/5
  2577 | D:3      | Reached skill level 5 in Fighting
  2577 | D:3      | Reached skill level 1 in Invocations
  2577 | D:3      | Reached skill level 1 in Evocations
  2578 | D:3      | HP: 1/44 [orc priest/+0 short sword (3)]
  2578 | D:3      | Slain by an orc wizard

Illustrated notes

Levels and vault maps discovered:
D:1:      lightli_arrival_statuegarden, layout_basic, serial_shops, shop_statue,
          shop, shop_fountains, dreamdust_wishing_well,
          chequers_serial_rivers_large_b
D:2:      layout_basic, minmay_cut_off, uniq_natasha, uniq_jessica, uniq_robin
D:3:      layout_rooms, xom_butterflies, mainiacjoe_overflow_alcove_4,
          nicolae_sif_muna_little_library

Skill      XL: |  1  2  3  4  5 |
---------------+----------------+-----
Fighting       | 3 4 5 |  5.0
Armour         | 1 |  1.0
Shields        | 1 |  1.0
Stealth        | 1 |  1.0
Invocations    | 1 |  1.5
Evocations     | 1 |  1.0
Short Blades   | |  2.6
Throwing       | |  1.7
Dodging        | |  2.6

Action                     |  1- 3 |  4- 6 || total
---------------------------+-------+-------++-------
  Melee: Rapier            |    71 |    80 ||   151
         Kick              |    13 |    26 ||    39
         Punch             |     1 |     1 ||     2
         Dagger            |       |     7 ||     7
    Use: Scroll            |       |     6 ||     6
         Potion            |       |     2 ||     2
   Stab: Sleeping          |     1 |     1 ||     2
 Armour: Leather armour    |     2 |       ||     2
         Ring mail         |    11 |     9 ||    20
         Robe              |     9 |    11 ||    20
  Dodge: Dodged            |    38 |    48 ||    86
  Block: Tower shield      |       |     4 ||     4

Table legend: (Time is in decaauts)
 A = Elapsed time spent in this place.
 B = Non-inter-level travel time spent in this place.
 C = Inter-level travel time spent in this place.
 D = Time resting spent in this place.
 E = Time spent auto-exploring this place.
 F = Levels seen in this place.
 G = Mean time per level.
                   A        B        C        D        E       F      G
               +--------+--------+--------+--------+--------+-----+--------+
         Total |   2615 |   2297 |    318 |    223 |   1464 |   3 |  871.7 |
       Dungeon |   2615 |   2297 |    318 |    223 |   1464 |   3 |  871.7 |
               +--------+--------+--------+--------+--------+-----+--------+

Top non-repeatable levels by time:
     D:2: 1482 daAuts
     D:1: 951 daAuts
     D:3: 181 daAuts
